 Dungeon Crawl Stone Soup version 0.30-b1-2-g02819fbbbe (webtiles) character file.

Game seed: 11489042556427610956

24 JamesMyths the Trooper (level 2, -1/24 HPs)
             Began as a Demonspawn Berserker on May 12, 2023.
             Was a Believer of Trog.
             Slain by a kobold
             ... wielding a +1 dagger of holy wrath
              (3 damage)
             ... on level 1 of the Dungeon.
             The game lasted 00:01:30 (580 turns).

JamesMyths the Trooper (Demonspawn Berserker)        Turns: 580, Time: 00:01:32

Health: -1/24      AC:  8    Str: 17    XL:     2   Next: 79%
Magic:  2/2        EV: 12    Int:  8    God:    Trog [**....]
Gold:   34         SH:  0    Dex: 12    Spells: 1/1 levels left

rFire   . . .        a - +0 hand axe
rCold   . . .        (no shield)
rNeg    . . .        b - +0 animal skin
rPois   .            (no helmet)
rElec   .            (no cloak)
rCorr   .            (no gloves)
SInv    .            (no boots)
Will    .....        (no amulet)
Stlth   +            (no ring)
HPRegen 0.24/turn    (no ring)
MPRegen 0.08/turn

%: no passive effects
@: sanguine armoured
A: sanguine armour 1
a: Renounce Religion, Berserk, Trog's Hand


You were on level 1 of the Dungeon.
You worshipped Trog.
Trog was pleased with you.
You visited 1 branch of the dungeon, and saw 1 of its levels.

You collected 34 gold pieces.

Inventory:

Hand Weapons
 a - a +0 hand axe (weapon)
Armour
 b - a +0 animal skin (worn)
Scrolls
 e - a scroll of vulnerability {unknown}
 f - a scroll of amnesia {unknown}
 g - a scroll of blinking {unknown}
 h - a scroll of poison {unknown}
 i - a scroll of torment {unknown}
 j - a scroll of identify {unknown}
Potions
 c - a potion of degeneration {unknown}
 d - 2 potions of magic {unknown}


   Skills:
 + Level 3.2 Fighting
 + Level 3.0 Axes
 + Level 2.1 Armour
 + Level 2.1 Dodging


You had one spell level left.
You didn't know any spells.
Your spell library was empty.

Dungeon Overview and Level Annotations

Branches:
Dungeon (1/15)

Altars:


Innate Abilities, Weirdness & Mutations

When seriously injured, your blood forms armour. (AC +6)


Message History

The kobold throws a stone.
The stone closely misses you.
Found a rat skeleton.
You barely miss the kobold. You hit the plant.
The plant begins to die.
You hit the bush but do no damage. You closely miss the kobold.
The kobold closely misses you. The kobold hits you with a +0 club.
You miss the kobold. You hit the plant. You hit the bush but do no damage.
You barely miss the kobold. x2; The kobold closely misses you.
The kobold misses you.
The kobold hits you with a +1 dagger of holy wrath.
You convulse.
You slash the kobold!
You kill the kobold!
Trog accepts your kill.
You hit the plant. You hit the bush but do no damage. You hit the kobold.
You hit the kobold but do no damage.
A nearby plant withers and dies.
The kobold hits you but does no damage. The kobold completely misses you.
Your Axes skill increases to level 3!
You closely miss the kobold. You hit the kobold but do no damage.
You hit the bush but do no damage. You hit the kobold.
The kobold throws a stone.
The stone barely misses you. The kobold hits you with a +0 club.
The kobold hits you with a +1 dagger of holy wrath.
Your blood congeals into armour.
You convulse.
The kobold hits you with a +0 whip. The kobold hits you but does no damage.
The kobold closely misses you. The kobold hits you with a +0 club.
* * * LOW HITPOINT WARNING * * *
Things that are here:
a +0 short sword; a kobold corpse You barely miss the kobold.
You hit the kobold but do no damage. You hit the bush but do no damage.
You hit the kobold.
You kill the kobold!
Trog accepts your kill.
You hit the kobold but do no damage. The kobold hits you with a +0 whip.
* * * LOW HITPOINT WARNING * * *
The kobold misses you.
A frilled lizard comes into view.
The kobold hits you with a +1 dagger of holy wrath.
* * * LOW HITPOINT WARNING * * *
You convulse.
You die...

#....###....#..#
#######.........
#.......##
########..... ♣♣♣PP♣#
###.#. #♣#P...PPP
#.## #PP.....Pl #.##
###K)....÷.# #.##
#...@K.§..÷# #.##
#.#PK..§.÷.# #...
#.##P..÷..PP #...
#.#♣PP~..PPP #..#
#.##♣P♣♣♣♣♣♣ #..#
#.#################.#
#..##[...............
##.#.................
#............†......


You could see 3 kobolds and a frilled lizard (wandering).

Vanquished Creatures
  2 dart slugs (D:1)
  A ball python (D:1)
  A giant cockroach (D:1)
  2 hobgoblins (D:1)
  2 jackals (D:1)
  A quokka (D:1)
  3 bats (D:1)
  A goblin (D:1)
  6 kobolds (D:1)
  2 rats (D:1)
21 creatures vanquished.

Vanquished Creatures (others)
  3 plants (D:1)
3 creatures vanquished.

Grand Total: 24 creatures vanquished

Notes
Turn   | Place    | Note
-------+----------+-------------------------------------------
     0 | D:1      | JamesMyths the Demonspawn Berserker began the quest for the
                  | Orb.
     0 | D:1      | Reached XP level 1. HP: 18/18 MP: 1/1
   145 | D:1      | Gained mutation: When seriously injured, your blood forms
                  | armour. (AC +6) [demonic ancestry]
   145 | D:1      | Reached XP level 2. HP: 13/24 MP: 2/2
   506 | D:1      | Reached ** piety under Trog
   580 | D:1      | Slain by a kobold

Illustrated notes

Levels and vault maps discovered:
D:1:      dpeg_arrival_tiny_h, layout_basic, minmay_misc_feat_columns,
          lexackson_kobold_supper

Skill      XL: |  1  2 |
---------------+-------+-----
Armour         | 2 |  2.1
Dodging        | 2 |  2.1
Axes           | 3 |  3.0
Fighting       | |  3.2

Action                     || total
---------------------------++-------
  Melee: Hand axe          ||    58
   Stab: Sleeping          ||     1
 Armour: Animal skin       ||     9
  Dodge: Dodged            ||    47
